 Dungeon Crawl Stone Soup version 0.22.1-6-g1668fe2c40 (webtiles) character file.

187 LabCoat the Vandal (level 5, -3/45 HPs)
             Began as a Deep Dwarf Hunter on Jan 22, 2019.
             Slain by a killer bee (4 damage)
             ... on level 3 of the Dungeon.
             The game lasted 00:15:08 (2464 turns).

LabCoat the Vandal (Deep Dwarf Hunter)              Turns: 2464, Time: 00:15:09

Health: -3/45      AC:  7    Str: 15    XL:     5   Next: 39%
Magic:  0/5        EV: 12    Int: 12    God:
Gold:   113        SH:  0    Dex: 14    Spells: 6/6 levels left

rFire    + . .     SeeInvis .   b - +0 short sword
rCold    + . .     Gourm    .   (no shield)
rNeg     . . .     Faith    .   i - +0 ring mail
rPois    +         Spirit   +   k - +0 helmet
rElec    +         Reflect  .   (no cloak)
rCorr    +         Harm     .   j - +0 pair of gloves
MR       .....                  (no boots)
Stlth    +.........             p - amulet of guardian spirit
HPRegen  0.00/turn              (no ring)
MPRegen  0.09/turn              (no ring)

@: lethally poisoned (-3 -> -12), resistant, non-regenerating, hasted, very
quick
A: damage resistance, heal wounds, sense surroundings 1, no regeneration
a: Heal Wounds


You were on level 3 of the Dungeon.
You were not hungry.

You visited 1 branch of the dungeon, and saw 3 of its levels.

You collected 113 gold pieces.

Inventory:

Hand Weapons
 a - a +1 hunting sling
 b - a +0 short sword (weapon)
Missiles
 d - 8 sling bullets
 h - 18 bolts
 o - 2 stones (quivered)
Armour
 i - a +0 ring mail (worn)
 j - a +0 pair of gloves (worn)
 k - a +0 helmet (worn)
Jewellery
 e - an uncursed amulet of magic regeneration
 n - an uncursed ring of flight
 p - an amulet of guardian spirit (around neck)
 s - an uncursed amulet of harm
Potions
 l - a potion of ambrosia
 q - a potion of resistance
Comestibles
 f - 4 rations


   Skills:
 + Level 2.2 Fighting
 + Level 0.7 Short Blades
 * Level 6.0 Slings
 + Level 1.6 Armour
 * Level 3.0 Dodging
 + Level 1.6 Stealth
 * Level 1.1 Spellcasting


You had 6 spell levels left.
You didn't know any spells.
Your spell library was empty.

Dungeon Overview and Level Annotations

Branches:
Dungeon (3/15)

Altars:


Innate Abilities, Weirdness & Mutations

You are resistant to damage.
You can heal yourself by infusing magical energy.
You passively map a small area around you.
You do not regenerate.


Message History

Your ring mail prevents you from hitting the killer bee.
The killer bee is severely wounded.
* * * LOW HITPOINT WARNING * * *
You feel sick. The killer bee misses you.
You miss the killer bee.
The killer bee is severely wounded.
* * * LOW HITPOINT WARNING * * *
You feel sick. The killer bee barely misses you.
You puncture the killer bee!
You kill the killer bee!
Your Slings skill increases to level 6!
Your Dodging skill increases to level 3!
* * * LOW HITPOINT WARNING * * *
You feel sick.
You fail to use your ability.
* * * LOW HITPOINT WARNING * * *
You feel sick. The killer bee stings you.
* * * LOW HITPOINT WARNING * * *
The killer bee stings you.
You die...

, , , , ... * ,
,, , , *#.. * ,
, ., #.. ,
..###..,, *, ,,
....... , , * *
* , ......., * ,
.......##### * ,
....(.Kyy@.# , *
y>.....###.#####
, #.##### #.#...
* * #.#.#######*
, #.......... ,,
###.######## *
#.# #<# * #.#
#.# * #.######.#


You could see 2 killer bees and a kobold.

Vanquished Creatures
  2 killer bees (D:3)
  An orc wizard (D:2)
  4 worms (D:2)
  A dart slug (D:2)
  4 leopard geckos
  4 orcs (D:2)
  2 giant cockroaches
  7 goblins (D:1)
  5 hobgoblins
  4 jackals (D:1)
  2 kobolds (D:2)
  3 bats
  A frilled lizard (D:3)
  6 rats
46 creatures vanquished.

Notes
Turn   | Place    | Note
-------+----------+-------------------------------------------
     0 | D:1      | LabCoat the Deep Dwarf Hunter began the quest for the Orb.
     0 | D:1      | Reached XP level 1. HP: 19/19 MP: 1/1
   173 | D:1      | Reached XP level 2. HP: 19/26 MP: 2/2
   176 | D:1      | Reached skill level 5 in Slings
   442 | D:1      | You fall through a shaft!
   451 | D:2      | Reached XP level 3. HP: 17/32 MP: 3/3
   618 | D:2      | Reached XP level 4. HP: 35/39 MP: 4/4
  2438 | D:3      | Reached skill level 1 in Armour
  2438 | D:3      | Reached skill level 1 in Spellcasting
  2438 | D:3      | Reached XP level 5. HP: 12/45 MP: 0/5
  2448 | D:3      | HP: 1/45 [killer bee (3)]
  2463 | D:3      | Reached skill level 6 in Slings
  2464 | D:3      | HP: 1/45 [killer bee (5)]
  2464 | D:3      | Slain by a killer bee

Skill      XL: |  1  2  3  4  5 |
---------------+----------------+-----
Slings         | 5 6 |  6.0
Fighting       | 2 |  2.2
Armour         | 1 |  1.6
Spellcasting   | 1 |  1.1
Dodging        | 3 |  3.0
Short Blades   | |  0.7
Stealth        | |  1.6

Action                   |  1- 3 |  4- 6 || total
-------------------------+-------+-------++-------
Melee: Short sword       |   100 |    76 ||   176
 Fire: Hunting sling     |    36 |    28 ||    64
 Abil: Heal Wounds       |     1 |     3 ||     4
  Use: Scroll            |     2 |     7 ||     9
       Potion            |       |     2 ||     2
  Eat: Chunk             |       |     2 ||     2
       Ration            |       |     1 ||     1
Armor: Leather armour    |     3 |       ||     3
       Ring mail         |    35 |    27 ||    62
Dodge: Dodged            |    83 |    53 ||   136
